 Dungeon Crawl Stone Soup version 0.31.0-11-ge490571c62 (webtiles) character file.

Game seed: 11495128556041242487

139808 Drazool the Brawler (level 17, -1/166 HPs)
             Began as a Naga Shapeshifter on Feb 4, 2024.
             Was the Champion of Trog.
             Slain by a wolf spider (4 damage)
             ... summoned by a broodmother
             ... on level 3 of the Spider Nest on Feb 5, 2024.
             The game lasted 02:11:23 (35088 turns).

Drazool the Brawler (Naga Shapeshifter)            Turns: 35088, Time: 02:11:24

Health: -1/166     AC: 18    Str: 18    XL:     17   Next: 29%
Magic:  17/17      EV: 19    Int: 12    God:    Trog [******]
Gold:   628        SH:  0    Dex: 18    Spells: 16/16 levels left

rFire   + +          .
                       - Unarmed
rCold   + + +        u - melded +0 buckler
rNeg    . . .        a - melded +0 animal skin
rPois   +            l - +1 helmet
rElec   +            k - scarf {rC+ rF+}
rCorr   .            o - +0 pair of gloves
SInv    +            K - +4 barding
Will    ++...        g - amulet of the acrobat
Stlth   +            E - ring "Urruysoc" {rF+ rC+ Dex+2}
HPRegen 0.47/turn    Q - ring of Curiosity {rElec rC+ Slay+2}
MPRegen 0.15/turn

%: acrobat
@: confused, mighty, flux-form, on berserk cooldown, slowed, glowing, very slow
A: glow, contaminating, AC +5, large, see invisible, deformed body, poison
resistance, slowness 2, spit poison 1, naga tail 2
a: Spit Poison, Begin Untransformation, Renounce Religion, Berserk, Trog's Hand,
Brothers in Arms


You were on level 3 of the Spider Nest.
You worshipped Trog.
Trog was exalted by your worship.
You were something dangerously unstable.
You visited 4 branches of the dungeon, and saw 25 of its levels.
You also visited: Ice Cave and Volcano.

You collected 2000 gold pieces.
You spent 1372 gold pieces at shops.


Innate Abilities, Weirdness & Mutations

You are something dangerously unstable.
You glow with magical radiation, making you easy to see and hit.
Foes you strike become dangerously contaminated with magical radiation.
You are incapable of wielding weapons or throwing items.
Your serpentine skin is tough. (AC +5)
You have supernaturally acute eyesight. (SInv)
Armour fits poorly on your strangely shaped body.
Your system is resistant to poisons. (rPois)
You cover ground very slowly.
You can spit poison.
You can use your snake-like lower body to constrict enemies.


   Skills:
 - Level 14.0 Fighting
 + Level 6.1 Armour
 - Level 12.0 Dodging
 - Level 10.0 Stealth
 - Level 3.0 Shields
 - Level 17.0 Unarmed Combat
 - Level 7.0 Evocations
 - Level 12.0 Shapeshifting


You had 16 spell levels left.
You didn't know any spells.
Your spell library contained the following spells:

 Spells                   Type           Power      Damage    Failure   Level
 Ensorcelled Hibernation  Hex/Ice        0%         N/A       45%         2
 Fugue of the Fallen      Necr           0%         N/A       69%         3
 Anguish                  Hex/Necr       0%         N/A       97%         4

Inventory:

Missiles
 t - 28 poisoned darts
 w - 2 curare-tipped darts {=f}
 y - 8 silver javelins
 A - a throwing net {=f}
 G - 10 javelins
Armour
 a - a +0 animal skin (melded)
 f - the +1 chain mail of the Hot Ocelot {rPois}
   (You bought it in a shop on level 15 of the Dungeon)

   rPois:     It protects you from poison
 k - a scarf of resistance (worn)
 l - a +1 helmet (worn)
 n - a +0 kite shield of cold resistance
 o - a +0 pair of gloves (worn)
 u - a +0 buckler (melded)
 K - a +4 barding (worn)
 O - the +5 ring mail of Juobbeyn {Harm rN+ Int-2 Dex+6}
   (You bought it in a shop on level 15 of the Dungeon)

   Int-2:     It affects your intelligence (-2).
   Dex+6:     It affects your dexterity (+6).
   rN+:       It protects you from negative energy.
   Harm:      It increases damage dealt and taken.
Jewellery
 g - an amulet of the acrobat (around neck)
 D - an amulet of reflection
 E - the ring "Urruysoc" (left hand) {rF+ rC+ Dex+2}
   (You found it in an ice cave)

   [ring of protection from cold]

   Dex+2:     It affects your dexterity (+2).
   rF+:       It protects you from fire.
   rC+:       It protects you from cold.
 F - a ring of fire
 L - a ring of flight
 Q - the ring of Curiosity (right hand) {rElec rC+ Slay+2}
   (You found it on level 8 of the Dungeon)

   [ring of protection from cold]

   Slay+2:    It affects your accuracy & damage with ranged weapons and melee
   (+2).
   rC+:       It protects you from cold.
   rElec:     It insulates you from electricity.
 S - a +6 ring of strength
 T - a +4 ring of protection
 U - a ring of protection from cold
 X - the ring "Birextif" {Ice +Blink Dex+7 Slay+2 Stlth+}
   (You found it on level 10 of the Dungeon)

   [ring of ice]

   Ice:       It enhances your ice magic.
   Dex+7:     It affects your dexterity (+7).
   Slay+2:    It affects your accuracy & damage with ranged weapons and melee
   (+2).
   rF-:       It makes you vulnerable to fire.
   rC+:       It protects you from cold.
   +Blink:    It lets you blink.
   Stlth+:    It makes you more stealthy.
Talismans
 d - a flux talisman (active)
Wands
 m - a wand of light (8)
 r - a wand of charming (28)
 B - a wand of roots (16)
Scrolls
 b - a scroll of blinking
 e - 5 scrolls of fog
 h - 4 scrolls of enchant weapon
 i - 5 scrolls of teleportation {@r2}
 C - a scroll of immolation
 H - 4 scrolls of poison
 J - 4 scrolls of identify {@r1}
 Y - 6 scrolls of fear
 Z - a scroll of brand weapon
Potions
 c - a potion of cancellation
 j - a potion of invisibility
 v - 8 potions of might
 x - 3 potions of mutation
 z - 2 potions of berserk rage {!q}
 M - 2 potions of haste {@q3}
 N - 2 potions of attraction
 R - 2 potions of magic
 V - 2 potions of resistance
 W - 9 potions of enlightenment
Miscellaneous
 s - a lightning rod (4/4)
 I - a box of beasts
 P - a phantom mirror

Dungeon Overview and Level Annotations

Branches:
Dungeon (15/15)            Temple (0/1) D:5            Lair (5/5) D:10
  Swamp (0/4) Lair:2       Spider (3/4) Lair:2        Slime (0/5) Lair:4
    Orc (2/2) D:9             Elf (0/3) Orc:2        Vaults (0/5) D:13
 Depths (0/4) D:15          IceCv (visited)         Volcano (visited)

Altars:
Ashenzari
Dithmenos
Hepliaklqana
Kikubaaqudgha
Okawaru
Ru
Trog
Uskayaw
Vehumet
Wu Jian
Xom
The Shining One
Jiyva

Shops:
D:8 :   D:14 [*   D:15 [***   Orc:2 [(*:

Annotations:
D:2 1 runed translucent door, Crazy Yiuf
D:11 3 runed translucent doors, Larett's ghost, journeyman MiBe
Orc:1 3 runed translucent doors, MusterMark's ghost, journeyman DsAl

#.).. #^.... #...?..
###....... ### ##.........
##.#### ##s.........
#.....### #ss.........
##......## ##sss...^....
##......# ##p##s^.......
###....## #§s###.........
##....# #..# ##........
##....## #.^# #.......
#......####s.## ##.....
###....#.††..#..# ###.....
#^...>#####^....###.......
##.^### #^...........#
#### ##..........##


You could see a broodmother, 2 wolf spiders, a culicivora (summoned), a jumping
spider (summoned), 2 tarantellas and a redback (summoned).


Message History

The tarantella misses you.
Unknown command.
You barely miss the wolf spider. The wolf spider completely misses you.
The wolf spider closely misses you.
Unknown command.
You closely miss the wolf spider. The tarantella touches you.
* * * LOW HITPOINT WARNING * * *
You are afflicted by dizzying energies!
You are more confused.
The broodmother bites you but does no damage.
Unknown command.
You're too confused to move!
The broodmother stops glowing.
The wolf spider hits you but does no damage.
The wolf spider completely misses you. The tarantella touches you.
* * * LOW HITPOINT WARNING * * *
The broodmother bites you.
* * * LOW HITPOINT WARNING * * *
Unknown command.
You bump into the rock wall.
You feel a strong urge to attack something.
You are no longer berserk.
You are exhausted.
You feel yourself slow down.
The wolf spider completely misses you. x2; The tarantella misses you.
You are too confused!
You feel very mighty all of a sudden.
The tarantella disappears in a puff of smoke!
The wolf spider hits you.
You die...

Skill      XL: |  1  2  3  4  5  6  7  8  9 10 11 12 13 14 15 16 17 |
---------------+----------------------------------------------------+-----
Unarmed Combat | 4 5 7 8 10 13 14 17 | 17.0
Stealth        | 5 7 10 | 10.0
Shapeshifting  | 5 6 7 9 10 12 | 12.0
Fighting       | 2 3 5 6 9 10 11 12 13 14 | 14.0
Dodging        | 4 5 8 9 10 12 | 12.0
Shields        | 3 |  3.0
Evocations     | 3 4 5 7 |  7.0
Armour         | 5 6 |  6.1

Action                     |  1- 3 |  4- 6 |  7- 9 | 10-12 | 13-15 | 16-18 || total
---------------------------+-------+-------+-------+-------+-------+-------++-------
  Melee: Unarmed           |    77 |    76 |   250 |   783 |  1301 |   696 ||  3183
         Punch             |     2 |     2 |       |       |       |       ||     4
         Constrict         |       |       |       |       |   288 |   144 ||   432
  Throw: Dart              |       |       |     6 |       |       |       ||     6
         Throwing net      |       |       |     1 |       |       |       ||     1
 Invoke: Berserk           |       |       |     5 |     4 |     4 |     2 ||    15
         Trog's Hand       |       |       |       |     3 |     1 |     3 ||     7
         Brothers in Arms  |       |       |       |       |     2 |     1 ||     3
Ability: Spit Poison       |    23 |    29 |    28 |    58 |   120 |    65 ||   323
  Evoke: Wand              |       |       |     3 |     1 |     5 |     2 ||    11
         Phantom mirror    |       |       |       |       |       |     1 ||     1
    Use: Scroll            |       |       |     7 |     9 |     9 |     5 ||    30
         Potion            |       |       |       |     1 |     9 |     8 ||    18
   Stab: Sleeping          |       |     5 |     2 |     1 |     5 |     3 ||    16
         Held in net/web   |       |       |     1 |       |       |       ||     1
         Distracted        |       |       |       |       |     4 |       ||     4
         Invisible         |       |       |       |       |     4 |       ||     4
 Armour: Animal skin       |    46 |    43 |   142 |       |       |       ||   231
         Skin              |       |       |    17 |   438 |   664 |   632 ||  1751
  Dodge: Dodged            |    32 |    31 |   118 |   484 |   982 |   915 ||  2562
  Block: Buckler           |       |     4 |    33 |       |       |       ||    37
   Form: Flux              |       |       |     1 |       |       |       ||     1

Levels and vault maps discovered:
D:1:      tarquinn_simple_flora_water_e, layout_rooms, kennysheep_doodads,
          grunt_decor_fettered
D:2:      layout_rooms, minmay_liquid_box, corexii_hall_statues_x,
          uniq_crazy_yiuf_cottage, uniq_sigmund
D:3:      layout_loops_cross, lightli_temple_of_fire,
          mainiacjoe_overflow_24_doors, tso_altar,
          shapermc_ecumenical_altar_starsandcircs, nicolae_titane, uniq_robin
D:4:      layout_layer_cave, lemuel_round_altar, minivault_5
D:5:      minmay_angry_zag, layout_layer_cave, nicolae_overflow_hidden_temple,
          minmay_temple_entry_gardened_gates, chequers_mini_garden, uniq_grinder
D:6:      layout_cave_pools
D:7:      nicolae_cairo_tiling_very_big, layout_cave_pods,
          minmay_strange_pillars
D:8:      minmay_the_grid_octo_tiled_octocenter
          [minmay_the_grid_octo_tetromino_candy, minmay_the_grid_octo_empty,
          minmay_the_grid_octo_clover_2, minmay_the_grid_octo_chip,
          minmay_the_grid_octo_prize_square_snowflake,
          minmay_the_grid_square_5x5_comb, minmay_the_grid_square_5x5_shrine2,
          minmay_the_grid_square_5x5_inner_i, minmay_the_grid_square_5x5_slash],
          layout_layer_cave, grunt_dithmenos_smoke_and_mirrors,
          dk_xom_monty_hall, nicolae_ru_sacrificial_ziggurat,
          grunt_ministairs_11, nicolae_shop_self_help, uniq_jeremiah
D:9:      lemuel_ice_spiral_2, layout_basic, tgw_kikubaaqudgha,
          nzn_hepliaklqana_mist_gate, david_orc_2, chequers_avenue
D:10:     layout_gridville, vehumet_crystals, david_lair_generic
D:11:     minmay_wavy_crystal, layout_long_grid, gammafunk_ghost_hydra_chop
D:12:     kennysheep_big_flooded_room, layout_long_grid
D:13:     layout_basic, david_vaults_3, serial_park_tiny_1
D:14:     layout_loops_ring, serial_shops, nicolae_inconvenience_store,
          nicolae_alphabet_shops, minmay_misc_feat_rugged, uniq_snorg,
          uniq_jorgrun, uniq_kirke
D:15:     hangedman_depths_entry_civil_slaughter, layout_stronghold,
          nicolae_twisting_strands, chequers_serial_rivers_micro_e,
          minmay_shop_grid_forest, minmay_misc_feat_chi,
          nzn_wu_jian_council_hall, uniq_azrael
Lair:1:   layout_cave_pods, portal_ice_cave_entry_pillars_2, grunt_megastairs_2
Lair:2:   layout_cave_pods, minmay_swamp_entry_worms,
          nicolae_spider_entry_lesser_pyramids
Lair:3:   layout_loops_ring, nicolae_volcano_entry_two_sided,
          chequers_serial_rivers_room_b, kennysheep_rathole,
          infiniplex_staircase_pool_2, uniq_josephine
Lair:4:   layout_gridlike, nicolae_slime_entry_slimehenge
Lair:5:   gammafunk_lair_ancient_temple, layout_hall_layers, serial_bayou,
          serial_bayou_shore_b, serial_bayou_pond_e, serial_bayou_pond_b,
          serial_bayou_lagoon_b, infiniplex_staircase_pool
Spider:1: layout_spider_delve, guppyfry_spider_mini_3
Spider:2: layout_spider_delve, nicolae_spider_undead_wolf_pack,
          hangedman_spider_tarantella_strand, uniq_louise, uniq_frances,
          uniq_asterion
Spider:3: layout_cave_pods
Orc:1:    layout_caves, biasface_ghost_orc_armoury
Orc:2:    grunt_orc_gardens, layout_diamond_mine, grunt_orc_garden,
          grunt_orc_garden, grunt_orc_garden, grunt_orc_garden, uniq_urug

Notes
Turn   | Place    | Note
-------+----------+-------------------------------------------
     0 | D:1      | Drazool the Naga Shapeshifter began the quest for the Orb.
     0 | D:1      | Reached XP level 1. HP: 18/18 MP: 1/1
   125 | D:1      | Reached XP level 2. HP: 22/25 MP: 2/2
   436 | D:1      | Identified a scarf of resistance
   612 | D:2      | Reached skill level 4 in Unarmed Combat
   662 | D:1      | Reached XP level 3. HP: 31/31 MP: 3/3
   769 | D:2      | Found a runed translucent door.
   770 | D:2      | Noticed Crazy Yiuf
  1000 | D:2      | Reached skill level 1 in Stealth
  1118 | D:2      | Noticed Sigmund
  1145 | D:2      | Killed Sigmund
  1146 | D:2      | Reached skill level 5 in Stealth
  1146 | D:2      | Reached skill level 5 in Unarmed Combat
  1146 | D:2      | Reached XP level 4. HP: 6/38 MP: 4/4
  1146 | D:2      | Reached XP level 5. HP: 7/44 MP: 5/5
  1560 | D:3      | Found a hide-covered altar of Uskayaw.
  1604 | D:3      | Noticed Robin
  1612 | D:4      | Reached XP level 6. HP: 51/51 MP: 6/6
  1618 | D:4      | Killed Robin
  1886 | D:3      | Found a glowing golden altar of the Shining One.
  1950 | D:3      | Reached skill level 4 in Shapeshifting
  2068 | D:3      | Found a bloodstained altar of Trog.
  2106 | D:3      | Found a faded altar of an unknown god.
  2118 | D:3      | Prayed at the altar of an unknown god.
  2118 | D:3      | Became a worshipper of Trog the Wrathful
  2118 | D:3      | Reached * piety under Trog
  2415 | D:4      | Found an iron altar of Okawaru.
  3457 | D:5      | Entered Level 5 of the Dungeon
  3504 | D:5      | Found a broken altar of Ashenzari.
  3573 | D:5      | Reached skill level 5 in Shapeshifting
  3573 | D:5      | Reached skill level 2 in Fighting
  3573 | D:5      | Reached XP level 7. HP: 56/60 MP: 7/7
  3742 | D:5      | Noticed Grinder
  3748 | D:5      | Paralysed by Grinder for 2 turns
  3753 | D:5      | Killed Grinder
  3754 | D:5      | Reached skill level 3 in Fighting
  3754 | D:5      | Reached skill level 2 in Dodging
  3830 | D:5      | Found a staircase to the Ecumenical Temple.
  3844 | D:5      | Reached skill level 3 in Dodging
  4216 | D:5      | Reached skill level 4 in Dodging
  4216 | D:5      | Reached XP level 8. HP: 66/69 MP: 8/8
  4768 | D:5      | Reached skill level 5 in Dodging
  5192 | D:6      | Reached skill level 6 in Unarmed Combat
  5638 | D:6      | Reached skill level 7 in Unarmed Combat
  5703 | D:7      | Reached ** piety under Trog
  5887 | D:7      | Reached skill level 6 in Shapeshifting
  5887 | D:7      | Reached XP level 9. HP: 23/75 MP: 5/9
  6369 | D:7      | Reached skill level 7 in Shapeshifting
  6369 | D:7      | Reached skill level 1 in Shields
  6783 | D:7      | Reached skill level 2 in Shields
  7075 | D:8      | Reached skill level 3 in Shields
  7170 | D:8      | Found a shadowy altar of Dithmenos.
  7217 | D:8      | Found a sacrificial altar of Ru.
  7252 | D:8      | Noticed Jeremiah
  7292 | D:8      | Killed Jeremiah
  7293 | D:8      | Reached skill level 4 in Fighting
  7453 | D:8      | Noticed a cyclops
  7453 | D:8      | Noticed a brown ugly thing
  7473 | D:8      | Killed a cyclops
  7474 | D:8      | Reached skill level 5 in Fighting
  7474 | D:8      | Reached skill level 7 in Stealth
  7592 | D:8      | Identified the +5 quarterstaff of Vimu Nom {venom, rC+ rN+}
  7644 | D:8      | Reached XP level 10. HP: 88/88 MP: 10/10
  7653 | D:8      | Noticed a cyclops
  7727 | D:8      | Killed a cyclops
  7728 | D:8      | Reached skill level 6 in Dodging
  7994 | D:8      | Reached skill level 7 in Dodging
  8251 | D:8      | Identified the ring of Curiosity {rElec rC+ Slay+2}
  8311 | D:8      | Reached skill level 8 in Unarmed Combat
  8430 | D:8      | Found Mounureu's Self-Improvement Boutique.
  8679 | D:8      | Noticed a white ugly thing
  8684 | D:8      | Killed a green ugly thing
  8685 | D:8      | Reached skill level 6 in Fighting
  8700 | D:8      | Killed a cyan ugly thing
  8861 | D:8      | You fall into a shaft and drop 1 floor!
  8861 | D:9      | Identified the +5 whip "Yrphoj" {flame, rF- Str+2 Dex+2}
  9049 | D:9      | Found a hazy altar of Hepliaklqana.
  9105 | D:9      | Reached *** piety under Trog
  9106 | D:9      | Reached skill level 8 in Dodging
  9231 | D:8      | Reached skill level 1 in Evocations
  9238 | D:8      | a raiju changed into an unseen horror
  9238 | D:8      | Noticed an unseen horror (shapeshifter)
  9239 | D:8      | Reached skill level 2 in Evocations
  9249 | D:8      | Killed an unseen horror
  9250 | D:8      | Reached skill level 3 in Evocations
  9250 | D:8      | Reached XP level 11. HP: 80/97 MP: 11/11
  9391 | D:8      | Found a shimmering altar of Xom.
  9993 | D:9      | Found a staircase to the Orcish Mines.
 10053 | D:9      | Reached skill level 9 in Unarmed Combat
 10197 | D:9      | Found an ancient bone altar of Kikubaaqudgha.
 10536 | D:10     | Entered Level 10 of the Dungeon
 10749 | D:10     | Found a radiant altar of Vehumet.
 10754 | D:10     | Found a staircase to the Lair.
 10932 | D:10     | Reached skill level 10 in Unarmed Combat
 11104 | D:10     | Identified the ring "Birextif" {Ice +Blink Dex+7 Slay+2
                  | Stlth+}
 11467 | Lair:1   | Entered Level 1 of the Lair of Beasts
 11535 | Lair:1   | Reached **** piety under Trog
 11536 | Lair:1   | Reached skill level 7 in Fighting
 11620 | Lair:1   | Reached skill level 8 in Fighting
 11768 | Lair:1   | Found a frozen archway.
 11790 | IceCv    | Entered an ice cave
 11796 | IceCv    | Reached skill level 4 in Evocations
 12216 | IceCv    | Reached skill level 9 in Fighting
 12563 | IceCv    | Reached XP level 12. HP: 110/115 MP: 12/12
 12791 | IceCv    | Reached skill level 10 in Fighting
 13182 | IceCv    | Reached skill level 8 in Shapeshifting
 13417 | IceCv    | Noticed an azure jelly
 13433 | IceCv    | Killed an azure jelly
 13450 | IceCv    | Found a viscous altar of Jiyva.
 13450 | IceCv    | Noticed an azure jelly
 13465 | IceCv    | Killed an azure jelly
 13466 | IceCv    | Reached skill level 9 in Shapeshifting
 13466 | IceCv    | Reached skill level 8 in Stealth
 13582 | IceCv    | Got the ring "Urruysoc" {rF+ rC+ Dex+2}
 13586 | IceCv    | Identified the amulet "Sifiuhi" {RegenMP rN+}
 13743 | Lair:1   | Reached skill level 9 in Stealth
 13815 | Lair:1   | Reached ***** piety under Trog
 13898 | Lair:1   | Reached skill level 10 in Stealth
 14691 | Lair:2   | Reached skill level 9 in Dodging
 14956 | Lair:2   | Found a hole to the Spider Nest.
 14977 | Lair:2   | Gained mutation: You can use your snake-like lower body to
                  | constrict enemies. [Naga growth]
 14977 | Lair:2   | Reached XP level 13. HP: 123/123 MP: 13/13
 15146 | Lair:2   | Found a staircase to the Swamp.
 15156 | Lair:2   | Reached skill level 10 in Dodging
 15163 | Lair:2   | Reached skill level 1 in Armour
 15395 | Lair:2   | Reached skill level 2 in Armour
 15438 | Lair:2   | Reached skill level 3 in Armour
 15466 | Lair:2   | Reached skill level 4 in Armour
 16086 | Lair:3   | Reached skill level 5 in Armour
 16253 | Lair:3   | Found a dark tunnel.
 16293 | Volcano  | Entered a volcano
 16617 | Volcano  | Reached skill level 10 in Shapeshifting
 17022 | Volcano  | Reached skill level 5 in Evocations
 17028 | Volcano  | Identified the +8 short sword of the Lair of Beasts {flame,
                  | rC- rN+ Will+ Dex+2} (Trog gifted it to you in a volcano)
 17028 | Volcano  | Received a gift from Trog
 17447 | Lair:3   | Reached skill level 11 in Fighting
 17874 | Lair:3   | Noticed Josephine
 17896 | Lair:3   | Killed Josephine
 17897 | Lair:3   | Reached XP level 14. HP: 131/136 MP: 14/14
 17964 | Lair:3   | Reached skill level 12 in Fighting
 18530 | Lair:4   | Found a viscous altar of Jiyva.
 18531 | Lair:4   | Found a staircase to the Slime Pits.
 19158 | Lair:5   | Entered Level 5 of the Lair of Beasts
 19168 | Lair:4   | Reached skill level 11 in Unarmed Combat
 19573 | Lair:5   | Reached skill level 12 in Unarmed Combat
 19776 | Lair:5   | Reached skill level 6 in Evocations
 20160 | Lair:5   | Reached skill level 7 in Evocations
 20614 | Lair:5   | Identified the +2 dire flail of Animal Spirits {flame,
                  | Str+3 Int+8}
 20629 | Lair:5   | Identified the amulet of Icuduphu {RegenMP ^Fragile Dex+5}
 21271 | Orc:1    | Entered Level 1 of the Orcish Mines
 21548 | Orc:1    | Received a gift from Trog
 21581 | Orc:1    | Found a runed translucent gate.
 21582 | Orc:1    | Found a runed translucent gate.
 21582 | Orc:1    | Noticed MusterMark's ghost (journeyman DsAl)
 21583 | Orc:1    | Found a runed translucent gate.
 21583 | Orc:1    | Identified the +8 plate armour of Kenwus {^Contam Str+6}
 21707 | Orc:1    | Identified the +0 plate armour "Woum" {rC+ Int+5 Stlth+}
 21737 | Orc:2    | Entered Level 2 of the Orcish Mines
 21888 | Orc:2    | Reached skill level 13 in Unarmed Combat
 22523 | Orc:2    | Found Hediax's Antique Armour Shop.
 22825 | Orc:2    | Noticed Urug
 22833 | Orc:2    | Killed Urug
 23031 | Orc:2    | Reached XP level 15. HP: 144/144 MP: 15/15
 23174 | Orc:2    | Found Zatzirae's Antique Weapon Emporium.
 23191 | Orc:2    | Reached skill level 14 in Unarmed Combat
 23646 | Orc:2    | Found Heynae Emosa's General Store.
 23657 | Orc:2    | Bought a potion of resistance for 140 gold pieces
 23676 | Orc:2    | Noticed an orc warlord
 23783 | Orc:2    | Killed an orc warlord
 23858 | Orc:2    | Found Jotruude's Book Shop.
 23967 | Orc:2    | Found a staircase to the Elven Halls.
 24122 | D:11     | Reached skill level 11 in Dodging
 24756 | D:11     | Found a runed translucent gate.
 24757 | D:11     | Found a runed translucent gate.
 24758 | D:11     | Found a runed translucent gate.
 24761 | D:11     | Noticed Larett's ghost (journeyman MiBe)
 24946 | D:11     | Identified the ring "Boneofur" {MP+9 Str+4 Int+6}
 25605 | D:12     | Reached skill level 11 in Shapeshifting
 26420 | D:13     | Found a gate to the Vaults.
 27036 | D:13     | Reached skill level 12 in Dodging
 27242 | D:14     | Found Raryube's Retail Resort.
 27338 | D:14     | Noticed Kirke
 27403 | D:14     | Received a gift from Trog
 27422 | D:14     | Noticed a sphinx
 27425 | D:14     | Noticed a sphinx
 27425 | D:14     | Killed Kirke
 27657 | D:14     | Reached ****** piety under Trog
 27718 | D:14     | Found Uckintol's Antique Armour Emporium.
 27918 | D:14     | Reached skill level 12 in Shapeshifting
 27918 | D:14     | Reached XP level 16. HP: 121/152 MP: 16/16
 28037 | D:14     | Noticed Snorg
 28044 | D:14     | Identified a +2 robe of resistance
 28044 | D:14     | Noticed Jorgrun
 28052 | D:14     | Killed Snorg
 28132 | D:14     | Killed Jorgrun
 28841 | D:15     | Entered Level 15 of the Dungeon
 28841 | D:15     | Found Rinynn's Assorted Antiques.
 28841 | D:15     | Found Siat Zesi's Assorted Antiques.
 28843 | D:15     | Found Uquec's Antique Armour Shop.
 28844 | D:15     | Found Bauwk's Assorted Antiques.
 28844 | D:15     | Noticed Azrael
 28947 | D:14     | Killed Azrael
 29172 | D:15     | Bought a faintly glowing cloak for 418 gold pieces
 29172 | D:15     | Identified the +0 cloak "Huabbopt" {rElec rPois Regen+
                  | Slay-5} (You bought it in a shop on level 15 of the
                  | Dungeon)
 29182 | D:15     | Bought a brightly glowing chain mail for 418 gold pieces
 29182 | D:15     | Identified the +1 chain mail of the Hot Ocelot {rPois} (You
                  | bought it in a shop on level 15 of the Dungeon)
 29182 | D:15     | Bought a scorched ring mail for 396 gold pieces
 29182 | D:15     | Identified the +5 ring mail of Juobbeyn {Harm rN+ Int-2
                  | Dex+6} (You bought it in a shop on level 15 of the Dungeon)
 29409 | D:15     | Reached skill level 15 in Unarmed Combat
 30040 | D:15     | Found a staircase to the Depths.
 30069 | D:15     | Found an ornate altar of the Wu Jian Council.
 30516 | Spider:1 | Entered Level 1 of the Spider Nest
 31005 | Lair:2   | Reached skill level 13 in Fighting
 31053 | Lair:2   | Received a gift from Trog
 32038 | Spider:2 | Noticed Frances
 32059 | Spider:2 | Killed Frances
 32064 | Spider:2 | Reached skill level 16 in Unarmed Combat
 32396 | Spider:2 | Noticed Asterion
 32416 | Spider:2 | Noticed an Executioner
 32420 | Spider:2 | Killed Asterion
 32610 | Spider:2 | Noticed Louise
 32642 | Spider:2 | Killed Louise
 32665 | Spider:2 | Identified the +7 flail of Honour {pain, *Noise Fly Str-3
                  | Dex+8}
 33271 | Spider:2 | Reached skill level 17 in Unarmed Combat
 33284 | Spider:2 | Reached XP level 17. HP: 116/163 MP: 17/17
 33762 | Spider:2 | Received a gift from Trog
 34159 | Spider:2 | Reached skill level 14 in Fighting
 35036 | Spider:3 | Reached skill level 6 in Armour
 35079 | Spider:3 | HP: 22/249 [broodmother (24)]
 35083 | Spider:3 | HP: 10/249 [broodmother (3)]
 35086 | Spider:3 | HP: 3/249 [broodmother (4)]
 35088 | Spider:3 | Slain by a wolf spider

Vanquished Creatures
  Jorgrun (D:14)
  Asterion (Spider:2)
  Frances (Spider:2)
  Kirke (D:14)
  2 azure jellies (IceCv)
  Louise (Spider:2)
  A broodmother (Spider:2)
  Azrael (D:14)
  An ettin (D:15)
  Josephine (Lair:3)
  Snorg (D:14)
  4 hydras
  A merfolk avatar (Lair:5)
  3 centaur warriors
  2 boulder beetles
  2 two-headed ogres
  A death knight (D:13)
  2 tengu warriors (D:15)
  9 death yaks
  8 demonic crawlers
  Urug (Orc:2)
  4 orc high priests (Orc:2)
  A hell knight (D:15)
  2 skysharks (Lair:5)
  3 skeletal warriors (Volcano)
  3 pharaoh ants
  A sea snake (Lair:5)
  3 anaconda skeletons (Volcano)
  4 orc knights
  2 sun moths
  4 spectral wolf spiders (Spider:2)
  4 steelbarb worms
  A necromancer (D:15)
  13 wolf spiders
  2 deep elf pyromancers (D:12)
  6 wolf spider zombies (Spider:2)
  18 ugly things
  2 orc sorcerers
  An alligator skeleton (Volcano)
  9 cyclopes
  3 manticores (D:11)
  A moth of wrath (Spider:2)
  6 kobold blastminers
  7 elephants
  An ice statue (IceCv)
  3 black mambas
  A molten gargoyle (D:12)
  2 unseen horrors (D:11)
  9 cane toads
  6 torpor snails
  An unseen horror (shapeshifter) (D:8)
  Jeremiah (D:8)
  2 efreet (D:13)
  4 gargoyles
  3 kobold demonologists
  3 tengu conjurers
  7 komodo dragons
  2 rime drakes
  3 tyrant leeches (Lair:2)
  6 trolls
  5 polar bears
  6 wolf spider simulacra (Spider:2)
  22 tarantellas
  Grinder (D:5)
  A hornet (Lair:5)
  16 blink frogs
  A blink frog (shapeshifter) (D:14)
  24 slime creatures
  Sigmund (D:2)
  15 jumping spiders
  12 culicivoras
  7 wraiths
  2 vampires
  6 wyverns
  2 fire elementals
  16 humans (D:13)
  6 basilisks
  5 hogs (D:14)
  47 yaks
  A golden eye (shapeshifter) (D:12)
  9 steam dragons
  26 redbacks
  14 vampire mosquitoes
  2 swamp worms (Lair:2)
  4 great orb of eyes simulacra (IceCv)
  2 hell hounds (D:14)
  12 water moccasins
  23 orc warriors
  A sky beast (D:8)
  A black bear (D:7)
  2 ice beasts
  2 laughing skulls (Volcano)
  4 ogres
  An ogre (shapeshifter) (D:15)
  8 boggarts
  4 centaurs
  22 wolves
  4 phantoms
  5 kobold brigands
  A weeping skull (Volcano)
  A gnoll sergeant (D:8)
  12 bullfrogs
  5 slime creature simulacra (IceCv)
  4 scorpions
  4 glowing shapeshifter simulacra (IceCv)
  5 killer bees
  4 electric eels
  2 howler monkeys (D:8)
  A troll skeleton (Volcano)
  2 lava snakes (D:12)
  5 orc priests
  4 hounds
  5 jellies
  A bombardier beetle (D:3)
  5 iguanas
  3 sleepcaps
  2 gnoll boudas (D:8)
  18 orc wizards
  3 shapeshifter simulacra (IceCv)
  6 hell rats
  A naga skeleton (Volcano)
  Robin (D:4)
  8 gnolls
  7 adders
  8 river rats (Lair:3)
  3 white imps
  3 dart slugs
  73 orcs
  4 ball pythons
  10 endoplasms
  3 giant cockroaches
  10 goblins
  8 hobgoblins
  10 jackals
  20 kobolds
  2 quokkas
  2 bats
  A frilled lizard (D:2)
  5 rats
813 creatures vanquished.

Vanquished Creatures (collateral kills)
  An orc warlord (Orc:2)
  An ettin (Orc:2)
  An orc high priest (Orc:2)
  2 orc sorcerers (Orc:2)
  2 jumping spiders (Spider:1)
  2 yaks (Lair:1)
  A redback (Spider:1)
  2 water moccasins (Lair:1)
  3 orc warriors (Orc:2)
  An orc priest (Orc:2)
  2 orc wizards (Orc:2)
  2 orcs (Orc:2)
20 creatures vanquished.

Vanquished Creatures (others)
  2 humans
  An orc wizard (Orc:2)
  An orc (Orc:1)
4 creatures vanquished.

Grand Total: 837 creatures vanquished

Table legend: (Time is in decaauts)
 A = Elapsed time spent in this place.
 B = Non-inter-level travel time spent in this place.
 C = Inter-level travel time spent in this place.
 D = Time resting spent in this place.
 E = Time spent auto-exploring this place.
 F = Levels seen in this place.
 G = Mean time per level.
                   A        B        C        D        E       F      G
               +--------+--------+--------+--------+--------+-----+--------+
         Total |  41775 |  40085 |   1690 |   4465 |  27099 |  27 | 1547.2 |
       Dungeon |  22363 |  21423 |    940 |   1204 |  16441 |  15 | 1490.9 |
          Lair |   9311 |   8772 |    539 |   1220 |   5455 |   5 | 1862.2 |
   Spider Nest |   4002 |   3920 |     82 |    441 |   2416 |   3 | 1334.0 |
  Orcish Mines |   2918 |   2791 |    127 |    916 |   1240 |   2 | 1459.0 |
      Ice Cave |   2037 |   2037 |      0 |    204 |   1094 |   1 | 2037.0 |
       Volcano |   1143 |   1143 |      0 |    477 |    450 |   1 | 1143.0 |
               +--------+--------+--------+--------+--------+-----+--------+

Top non-repeatable levels by time:
     D:8: 2858 daAuts
  Lair:2: 2855 daAuts
Spider:2: 2588 daAuts
  Lair:5: 2185 daAuts
    D:14: 2177 daAuts
   IceCv: 2037 daAuts
     D:5: 1959 daAuts
     D:9: 1786 daAuts
     D:4: 1642 daAuts
    D:15: 1619 daAuts
  Lair:1: 1577 daAuts
   Orc:2: 1563 daAuts
  Lair:3: 1511 daAuts
     D:7: 1507 daAuts
    D:11: 1370 daAuts

Table legend:
 A = Non-vault XP
 B = Vault XP
 C = Vault XP percentage of total XP
 D = Non-vault monster count
 E = Vault monster count
 F = Vault count percentage of total count
                 A         B        C        D         E       F
            +---------+---------+-------+---------+---------+-------
      Total |  120780 |   78947 |  39.5 |     573 |     261 |  31.3
            +---------+---------+-------+---------+---------+-------
        D:1 |      30 |       0 |   0.0 |      15 |       0 |   0.0
        D:2 |      28 |     231 |  89.2 |      18 |       1 |   5.3
        D:3 |     116 |       7 |   5.7 |      25 |       4 |  13.8
        D:4 |      31 |      19 |  38.0 |       9 |       3 |  25.0
        D:5 |     665 |     410 |  38.1 |      14 |       5 |  26.3
        D:6 |     556 |       0 |   0.0 |      11 |       0 |   0.0
        D:7 |    1041 |       0 |   0.0 |      12 |       0 |   0.0
        D:8 |     937 |    4743 |  83.5 |      20 |      32 |  61.5
        D:9 |    2643 |     157 |   5.6 |      37 |       8 |  17.8
       D:10 |    1275 |     784 |  38.1 |      14 |       4 |  22.2
       D:11 |    5375 |    1239 |  18.7 |      29 |       3 |   9.4
       D:12 |    5017 |     379 |   7.0 |      18 |       2 |  10.0
       D:13 |    4838 |    5791 |  54.5 |       8 |      20 |  71.4
       D:14 |    9630 |    6703 |  41.0 |      25 |      12 |  32.4
       D:15 |    5880 |    3689 |  38.6 |      13 |       6 |  31.6
     Lair:1 |    5954 |     542 |   8.3 |      27 |       2 |   6.9
     Lair:2 |   15930 |    2395 |  13.1 |      53 |       9 |  14.5
     Lair:3 |    8005 |    1912 |  19.3 |      32 |      16 |  33.3
     Lair:4 |    4795 |      97 |   2.0 |      22 |       8 |  26.7
     Lair:5 |   10018 |    7724 |  43.5 |      33 |      20 |  37.7
   Spider:1 |    9657 |    1409 |  12.7 |      28 |       7 |  20.0
   Spider:2 |   15167 |   14280 |  48.5 |      38 |      23 |  37.7
   Spider:3 |    6153 |       0 |   0.0 |      18 |       0 |   0.0
      Orc:1 |    2496 |     950 |  27.6 |      17 |       3 |  15.0
      Orc:2 |    4086 |   10061 |  71.1 |      35 |      21 |  37.5
      IceCv |     457 |    9016 |  95.2 |       2 |      37 |  94.9
    Volcano |       0 |    6409 | 100.0 |       0 |      15 | 100.0
            +---------+---------+-------+---------+---------+-------
